[ AOE2 MATCH · #471637497 ]
UnrankedPortuguese vs Hindustanis
Player's team · LOSS
[ REPLAY ANALYSIS · EXTRACTED FROM THE RECORDED GAME ]
Feudal
9:36
Castle
24:18
Imperial
39:45
| APM avg | 87.8 |
| APM peak | 130 |
| eAPM avg | 39.0 |
| Villagers / military | 242 / 503 |
Focus
⚔️ 27.6% · 🌾 72.4%
Hand Cannoneer ×393 · Archer ×50 · Organ Gun ×30 · Scout Cavalry ×13 · Bombard Cannon ×9 · Cavalry Archer ×5
Feudal
9:15
Castle
21:01
Imperial
40:56
| APM avg | 39.9 |
| APM peak | 72 |
| eAPM avg | 21.6 |
| Villagers / military | 150 / 247 |
Focus
⚔️ 28.9% · 🌾 71.1%
Ghulam ×131 · Hand Cannoneer ×60 · Camel Scout ×30 · Bombard Cannon ×7 · Archer ×6 · Spearman ×5
Match map
Initial resources + every placement click. Lines = walls · curves = elevation contours. ◆ gold · ⬟ stone · ● berries · ✦ relic · ◌ wall gap
Your base· Open — unwalled flank
Hagen's base· Open — unwalled flank
Smoothed initial terrain · ◌ = detected wall gap · hover for details
Inputs per minute
— mattGPT - - Hagen
Build order — mattGPT
First 150 of 725 actions detected
| 0:00 | Create | Villager (Male) |
| 0:01 | Create | Villager (Male) |
| 0:01 | Create | Villager (Male) |
| 0:02 | Build | House |
| 0:03 | Build | House |
| 0:14 | Create | Villager (Male) |
| 0:14 | Create | Villager (Male) |
| 1:28 | Create | Villager (Male) |
| 1:28 | Create | Villager (Male) |
| 1:50 | Build | Lumber Camp |
| 1:59 | Create | Villager (Male) |
| 2:00 | Create | Villager (Male) |
| 2:15 | Create | Villager (Male) |
| 2:44 | Create | Villager (Male) |
| 2:44 | Create | Villager (Male) |
| 2:59 | Create | Villager (Male) |
| 2:59 | Create | Villager (Male) |
| 3:33 | Create | Villager (Male) |
| 3:33 | Create | Villager (Male) |
| 3:53 | Build | House |
| 4:06 | Create | Villager (Male) |
| 4:06 | Create | Villager (Male) |
| 4:07 | Create | Villager (Male) |
| 4:18 | Build | Mill |
| 4:36 | Create | Villager (Male) |
| 4:36 | Create | Villager (Male) |
| 5:12 | Build | Farm |
| 5:23 | Create | Villager (Male) |
| 5:23 | Create | Villager (Male) |
| 5:24 | Create | Villager (Male) |
| 5:24 | Create | Villager (Male) |
| 5:32 | Build | House |
| 6:37 | Research | Loom |
| 6:37 | Research | Loom |
| 7:25 | Research | Feudal Age |
| 7:25 | Research | Feudal Age |
| 7:25 | Research | Feudal Age |
| 7:29 | Build | Barracks |
| 7:44 | Build | House |
| 7:46 | Build | Palisade Wall |
| 7:47 | Build | Palisade Wall |
| 7:56 | Create | Villager (Male) |
| 8:03 | Build | Palisade Wall |
| 8:05 | Build | Palisade Wall |
| 8:09 | Build | Palisade Wall |
| 8:10 | Build | Palisade Wall |
| 8:48 | Build | Palisade Wall |
| 8:50 | Build | Palisade Wall |
| 9:36 | Age | Feudal Age |
| 9:37 | Build | Stable |
| 9:47 | Create | Villager (Male) |
| 9:47 | Create | Spearman |
| 9:50 | Research | Double-Bit Axe |
| 9:50 | Research | Double-Bit Axe |
| 9:50 | Research | Double-Bit Axe |
| 9:55 | Build | Palisade Wall |
| 10:11 | Create | Scout Cavalry |
| 10:11 | Create | Scout Cavalry |
| 10:17 | Build | Farm |
| 10:21 | Build | Farm |
| 10:22 | Create | Villager (Male) |
| 10:26 | Create | Scout Cavalry |
| 10:31 | Build | Farm |
| 10:36 | Create | Villager (Male) |
| 10:44 | Build | Palisade Wall |
| 10:55 | Build | Farm |
| 10:58 | Build | Farm |
| 10:59 | Create | Villager (Male) |
| 11:03 | Build | House |
| 11:12 | Create | Scout Cavalry |
| 11:18 | Build | Palisade Wall |
| 11:25 | Build | Palisade Wall |
| 11:31 | Build | Palisade Gate |
| 11:40 | Create | Villager (Male) |
| 11:40 | Create | Villager (Male) |
| 11:40 | Create | Villager (Male) |
| 11:43 | Build | Farm |
| 11:46 | Build | Farm |
| 11:59 | Create | Villager (Male) |
| 12:12 | Build | House |
| 12:17 | Build | Mining Camp |
| 12:20 | Create | Villager (Male) |
| 12:20 | Create | Villager (Male) |
| 12:44 | Build | Blacksmith |
| 12:47 | Create | Villager (Male) |
| 13:04 | Create | Villager (Male) |
| 13:12 | Build | Farm |
| 13:15 | Build | Farm |
| 13:24 | Create | Villager (Male) |
| 13:42 | Create | Villager (Male) |
| 13:59 | Build | Farm |
| 14:00 | Build | Farm |
| 14:03 | Research | Bloodlines |
| 14:15 | Create | Villager (Male) |
| 14:17 | Build | Farm |
| 14:20 | Build | Farm |
| 14:25 | Create | Scout Cavalry |
| 14:25 | Create | Scout Cavalry |
| 14:31 | Build | House |
| 14:45 | Build | Farm |
| 14:49 | Create | Scout Cavalry |
| 14:53 | Create | Villager (Male) |
| 15:03 | Research | Forging |
| 15:13 | Build | Lumber Camp |
| 15:19 | Create | Villager (Male) |
| 15:35 | Research | Gold Mining |
| 15:35 | Research | Gold Mining |
| 15:39 | Create | Villager (Male) |
| 15:44 | Research | Gold Mining |
| 15:44 | Research | Gold Mining |
| 15:56 | Build | House |
| 16:05 | Build | House |
| 16:10 | Create | Villager (Male) |
| 16:22 | Build | Market |
| 16:24 | Build | House |
| 16:31 | Create | Villager (Male) |
| 16:38 | Create | Villager (Male) |
| 16:43 | Create | Scout Cavalry |
| 17:07 | Build | Watch Tower |
| 17:13 | Create | Villager (Male) |
| 17:13 | Create | Scout Cavalry |
| 17:34 | Create | Villager (Male) |
| 17:41 | Create | Villager (Male) |
| 18:00 | Create | Villager (Male) |
| 18:08 | Create | Villager (Male) |
| 18:18 | Build | Farm |
| 18:48 | Create | Villager (Male) |
| 18:51 | Build | Lumber Camp |
| 18:54 | Build | Mining Camp |
| 18:59 | Create | Scout Cavalry |
| 18:59 | Create | Scout Cavalry |
| 19:24 | Build | House |
| 19:25 | Build | House |
| 19:51 | Create | Villager (Male) |
| 19:56 | Create | Villager (Male) |
| 20:37 | Build | Archery Range |
| 20:44 | Create | Villager (Male) |
| 20:57 | Build | Palisade Wall |
| 21:38 | Research | Castle Age |
| 21:43 | Build | Archery Range |
| 21:54 | Build | Palisade Wall |
| 21:57 | Create | Archer |
| 21:57 | Create | Archer |
| 22:03 | Build | Farm |
| 22:03 | Build | Farm |
| 22:05 | Build | Farm |
| 22:05 | Build | Farm |
| 22:17 | Research | Fletching |
| 22:17 | Research | Fletching |
| 22:26 | Build | Farm |
Build order — Hagen
First 150 of 509 actions detected
| 0:00 | Create | Villager (Male) |
| 0:02 | Build | House |
| 0:03 | Build | House |
| 0:08 | Create | Villager (Male) |
| 0:08 | Create | Villager (Male) |
| 0:21 | Create | Villager (Male) |
| 1:06 | Create | Villager (Male) |
| 1:32 | Create | Villager (Male) |
| 1:33 | Create | Villager (Male) |
| 2:08 | Build | Lumber Camp |
| 2:16 | Create | Villager (Male) |
| 2:17 | Create | Villager (Male) |
| 3:02 | Create | Villager (Male) |
| 3:18 | Create | Villager (Male) |
| 3:57 | Build | House |
| 3:59 | Build | House |
| 4:05 | Create | Villager (Male) |
| 4:05 | Create | Villager (Male) |
| 4:41 | Create | Villager (Male) |
| 4:51 | Build | Mill |
| 4:57 | Create | Villager (Male) |
| 5:50 | Create | Villager (Male) |
| 6:04 | Create | Villager (Male) |
| 6:04 | Research | Loom |
| 6:59 | Research | Feudal Age |
| 8:15 | Build | Barracks |
| 8:20 | Build | House |
| 8:22 | Build | House |
| 8:33 | Build | Mining Camp |
| 8:39 | Create | Villager (Male) |
| 8:50 | Build | Palisade Wall |
| 9:15 | Age | Feudal Age |
| 9:39 | Build | Archery Range |
| 9:47 | Create | Villager (Male) |
| 10:04 | Create | Villager (Male) |
| 10:20 | Build | Palisade Wall |
| 10:21 | Create | Archer |
| 10:23 | Build | Palisade Wall |
| 10:24 | Build | Palisade Wall |
| 10:36 | Create | Villager (Male) |
| 10:41 | Research | Double-Bit Axe |
| 10:56 | Create | Archer |
| 11:00 | Build | Palisade Wall |
| 11:03 | Create | Villager (Male) |
| 11:24 | Create | Archer |
| 11:29 | Build | Blacksmith |
| 11:32 | Create | Villager (Male) |
| 11:41 | Create | Villager (Male) |
| 11:52 | Create | Villager (Male) |
| 11:59 | Build | Mill |
| 12:06 | Create | Archer |
| 12:09 | Create | Spearman |
| 12:24 | Build | Farm |
| 12:25 | Create | Villager (Male) |
| 12:28 | Build | Farm |
| 12:32 | Build | Farm |
| 12:33 | Build | Farm |
| 12:53 | Create | Spearman |
| 12:58 | Build | Palisade Wall |
| 13:05 | Build | Palisade Wall |
| 13:09 | Build | Palisade Wall |
| 13:18 | Create | Villager (Male) |
| 13:33 | Build | Farm |
| 13:43 | Create | Villager (Male) |
| 13:49 | Build | Farm |
| 14:06 | Build | Farm |
| 14:12 | Build | Farm |
| 14:18 | Create | Villager (Male) |
| 14:21 | Build | House |
| 14:24 | Build | House |
| 14:26 | Build | Palisade Wall |
| 14:40 | Create | Villager (Male) |
| 15:01 | Create | Archer |
| 15:02 | Create | Spearman |
| 15:03 | Create | Villager (Male) |
| 15:05 | Build | Farm |
| 15:09 | Build | Farm |
| 15:22 | Build | Market |
| 15:26 | Create | Archer |
| 15:36 | Create | Villager (Male) |
| 15:42 | Build | Farm |
| 15:43 | Create | Villager (Male) |
| 15:46 | Build | Farm |
| 15:47 | Create | Villager (Male) |
| 15:51 | Build | Farm |
| 15:53 | Build | Farm |
| 16:23 | Create | Villager (Male) |
| 16:29 | Build | Farm |
| 16:32 | Build | Farm |
| 16:43 | Build | House |
| 16:44 | Build | House |
| 17:56 | Create | Spearman |
| 17:56 | Create | Spearman |
| 18:01 | Build | Palisade Wall |
| 18:11 | Build | Farm |
| 18:21 | Research | Castle Age |
| 18:29 | Build | Farm |
| 19:11 | Build | Stable |
| 19:56 | Build | Stable |
| 20:01 | Research | Scale Barding Armor |
| 20:27 | Build | Palisade Wall |
| 20:41 | Research | Bloodlines |
| 20:45 | Research | Forging |
| 20:46 | Create | Villager (Male) |
| 21:01 | Age | Castle Age |
| 21:04 | Create | Camel Scout |
| 21:04 | Create | Camel Scout |
| 21:04 | Create | Camel Scout |
| 21:19 | Create | Villager (Male) |
| 21:35 | Create | Camel Scout |
| 21:39 | Build | Town Center |
| 21:42 | Build | House |
| 21:45 | Create | Villager (Male) |
| 21:51 | Build | House |
| 22:05 | Create | Villager (Male) |
| 22:41 | Create | Villager (Male) |
| 22:43 | Build | Farm |
| 22:46 | Create | Villager (Male) |
| 22:54 | Create | Camel Scout |
| 22:54 | Create | Camel Scout |
| 23:04 | Create | Villager (Male) |
| 23:12 | Build | Palisade Wall |
| 23:13 | Create | Villager (Male) |
| 23:22 | Create | Villager (Male) |
| 23:27 | Create | Camel Scout |
| 23:27 | Create | Camel Scout |
| 23:41 | Create | Villager (Male) |
| 23:57 | Research | Wheelbarrow |
| 23:57 | Create | Villager (Male) |
| 24:07 | Create | Villager (Male) |
| 24:16 | Build | House |
| 24:17 | Create | Villager (Male) |
| 24:33 | Build | Town Center |
| 24:35 | Create | Villager (Male) |
| 24:42 | Create | Camel Scout |
| 24:57 | Create | Villager (Male) |
| 25:21 | Create | Villager (Male) |
| 25:27 | Create | Villager (Male) |
| 25:28 | Create | Villager (Male) |
| 25:34 | Build | Farm |
| 25:35 | Build | Farm |
| 25:42 | Research | Horse Collar |
| 25:44 | Build | Farm |
| 26:06 | Create | Villager (Male) |
| 26:15 | Create | Villager (Male) |
| 26:17 | Create | Camel Scout |
| 26:17 | Create | Camel Scout |
| 26:40 | Build | House |
| 26:41 | Build | House |
| 26:44 | Create | Villager (Male) |
Match timeline
| 7:29 | mattGPT · first_building Barracks |
| 7:46 | mattGPT · wall_segment Palisade Wall x3 |
| 7:47 | mattGPT · wall_segment Palisade Wall x7 |
| 8:03 | mattGPT · wall_segment Palisade Wall x1 |
| 8:05 | mattGPT · wall_segment Palisade Wall x6 |
| 8:09 | mattGPT · wall_segment Palisade Wall x2 |
| 8:10 | mattGPT · wall_segment Palisade Wall x8 |
| 8:15 | Hagen · first_building Barracks |
| 8:48 | mattGPT · wall_segment Palisade Wall x1 |
| 8:50 | Hagen · wall_segment Palisade Wall x1 |
| 8:50 | mattGPT · wall_segment Palisade Wall x15 |
| 9:15 | Hagen · age_up feudal |
| 9:36 | mattGPT · age_up feudal |
| 9:37 | mattGPT · first_building Stable |
| 9:39 | Hagen · first_building Archery Range |
| 9:55 | mattGPT · wall_segment Palisade Wall x11 |
| 10:20 | Hagen · wall_segment Palisade Wall x1 |
| 10:23 | Hagen · wall_segment Palisade Wall x1 |
| 10:24 | Hagen · wall_segment Palisade Wall x1 |
| 10:44 | mattGPT · wall_segment Palisade Wall x5 |
| 11:00 | Hagen · wall_segment Palisade Wall x1 |
| 11:18 | mattGPT · wall_segment Palisade Wall x3 |
| 11:25 | mattGPT · wall_segment Palisade Wall x6 |
| 12:58 | Hagen · wall_segment Palisade Wall x1 |
| 13:05 | Hagen · wall_segment Palisade Wall x1 |
| 13:09 | Hagen · wall_segment Palisade Wall x1 |
| 14:26 | Hagen · wall_segment Palisade Wall x1 |
| 16:39 | Hagen · first_market_buy 100 food |
| 18:01 | Hagen · wall_segment Palisade Wall x1 |
| 18:19 | Hagen · first_market_sell 100 wood |
| 19:11 | Hagen · first_building Stable |
| 20:11 | mattGPT · first_market_buy 100 food |
| 20:11 | mattGPT · first_market_sell 100 wood |
| 20:27 | Hagen · wall_segment Palisade Wall x1 |
| 20:37 | mattGPT · first_building Archery Range |
| 20:57 | mattGPT · wall_segment Palisade Wall x1 |
| 21:01 | Hagen · age_up castle |
| 21:54 | mattGPT · wall_segment Palisade Wall x1 |
| 23:12 | Hagen · wall_segment Palisade Wall x1 |
| 24:18 | mattGPT · age_up castle |
| 25:06 | mattGPT · wall_segment Palisade Wall x1 |
| 27:25 | mattGPT · wall_segment Palisade Wall x1 |
| 28:05 | Hagen · first_building Siege Workshop |
| 30:45 | Hagen · first_building Castle |
| 34:33 | mattGPT · wall_segment Palisade Wall x1 |
| 34:33 | mattGPT · wall_segment Palisade Wall x1 |
| 36:05 | mattGPT · first_building Monastery |
| 37:11 | mattGPT · first_building Castle |
| 39:45 | mattGPT · age_up imperial |
| 40:56 | Hagen · age_up imperial |
| 44:16 | mattGPT · first_building Siege Workshop |
| 55:01 | mattGPT · wall_segment Palisade Wall x4 |
| 55:20 | Hagen · first_building Monastery |
| 59:53 | mattGPT · resign |
[ AI ANALYSIS · 1 CREDIT ]
What really happened in this match?
Wolo.gg analyzes every decision: build order, eco, micro, common mistakes by bracket. Personalized analysis on WhatsApp or Discord in 30 seconds.
Civ guide
Portuguese
Perfil
Jugador #3094786